 Dungeon Crawl Stone Soup version 0.17-a0-1949-g1acca9a (webtiles) character file.

113 Ordine the Twirler (level 4, 3/37 HPs)
             Began as a Minotaur Gladiator on Oct 2, 2015.
             Quit the game on level 4 of the Dungeon.
             The game lasted 00:03:53 (1119 turns).

Ordine the Twirler (Minotaur Gladiator)             Turns: 1119, Time: 00:03:53

Health: 3/37       AC:  4    Str: 19    XL:     4   Next: 65%
Magic:  3/3        EV: 12    Int:  5    God:
Gold:   119        SH:  0    Dex: 12    Spells: 0 memorised, 3 levels left

rFire  . . .     SeeInvis .     a - +1 quarterstaff
rCold  . . .     Clarity  .     b - +0 leather armour
rNeg   . . .     SustAt   .     (no shield)
rPois  .         Gourm    .     c - +0 hat
rElec  .         Spirit   .     (no cloak)
rCorr  .         Warding  .     (no gloves)
rMut   .         Stasis   .     f - +0 pair of boots
MR     .....                    (no amulet)
Stlth  +.........               (no ring)
                                (no ring)

@: not resistant to hostile enchantments, very unstealthy
A: retaliatory headbutt, horns 2
a: no special abilities


You were on level 4 of the Dungeon.
You were hungry.

You visited 1 branch of the dungeon, and saw 3 of its levels.

You collected 119 gold pieces.

Inventory:

Hand weapons
 a - a +1 quarterstaff (weapon)
Missiles
 d - 3 throwing nets (quivered)
Armour
 b - a +0 leather armour (worn)
 c - a +0 hat (worn)
 f - a +0 pair of boots (worn)
Magical devices
 l - a wand of paralysis (10)
Scrolls
 g - a scroll of immolation
Potions
 h - a potion of curing {unknown}
 j - a potion of poison {unknown}
 k - a potion of magic {unknown}
Comestibles
 e - 4 bread rations
 i - a beef jerky
 m - 3 chunks of flesh


   Skills:
 - Level 2.4 Fighting
 + Level 6.6 Staves
 - Level 2.0 Throwing
 - Level 3.2 Dodging


You had 3 spell levels left.
You didn't know any spells.

Dungeon Overview and Level Annotations

Branches:
Dungeon (4/15)
 Temple: D:4-7

Altars:
Cheibriados
Fedhas
Makhleb
The Shining One


Innate Abilities, Weirdness & Mutations

You reflexively headbutt those who attack you in melee.
You have a pair of horns on your head.


Message History

The orc priest is heavily wounded.
You hear some strange, mumbled words.
A puff of flame appears from out of thin air!
The puff of flame hits you!
* * * LOW HITPOINT WARNING * * *
You hit the orc priest.
The orc priest is severely wounded.
The orc priest closely misses you. Something hits you.
* * * LOW HITPOINT WARNING * * *
You barely miss the orc priest.
The orc priest is severely wounded.
The orc priest misses you. Something completely misses you.
You hit the orc priest but do no damage.
The orc priest is severely wounded.
The orc priest barely misses you. Something hits you but does no damage.
You sock the orc priest!
You kill the orc priest!
You hear some strange, mumbled words.
Something tries to affect you, but you resist.
Are you sure you want to abandon this character and quit the game? (Confirm with "yes".)

........'.......#
...............#'###...#
...............#..##...#
.......##+#####.......+
......#.....'........#
#....+.....#........#
+....#.....##+#####+#
#..){#+##'##...... .
#...@.)........... ..
+.................
#.................
#...........###+##
..#+###+##+### ... ...
..


There were no monsters in sight!

Vanquished Creatures
  A hound (D:4)
  An orc priest (D:4)
  An adder (D:2)
  A worm (D:2)
  A giant gecko (D:2)
  2 orcs (D:4)
  7 bats
  A goblin (D:1)
  8 hobgoblins
  4 jackals (D:2)
  A quokka (D:2)
  A ball python (D:1)
  2 giant cockroaches
  2 giant newts (D:1)
  5 kobolds (D:1)
  4 rats (D:1)
42 creatures vanquished.

Notes
Turn   | Place    | Note
--------------------------------------------------------------
     0 | D:1      | Ordine the Minotaur Gladiator began the quest for the Orb.
     0 | D:1      | Reached XP level 1. HP: 18/18 MP: 0/0
    38 | D:1      | Reached skill level 4 in Staves
   207 | D:1      | Reached XP level 2. HP: 22/25 MP: 1/1
   527 | D:1      | Found a glowing golden altar of the Shining One.
   754 | D:2      | Reached skill level 5 in Staves
   754 | D:2      | Reached XP level 3. HP: 30/30 MP: 2/2
   911 | D:2      | You fall through a shaft for 2 floors!
   911 | D:4      | Found a glowing golden altar of the Shining One.
   913 | D:4      | Found a snail-covered altar of Cheibriados.
   914 | D:4      | Found a burning altar of Makhleb.
   914 | D:4      | Found a blossoming altar of Fedhas.
  1039 | D:4      | Reached skill level 6 in Staves
  1039 | D:4      | Reached XP level 4. HP: 34/37 MP: 3/3
  1119 | D:4      | Quit the game

Vault maps used:
D:1:      eino_arrival_tree_alley, tso_altar
D:2:      cheibriados_altar_1
D:4:      grunt_temple_overflow_open, lemuel_temple_firewalk, first_bread

Action                   |  1- 3 |  4- 6 || total
-------------------------+-------+-------++-------
Melee: Quarterstaff      |    70 |    17 ||    87
  Use: Scroll            |     5 |       ||     5
